cohdb
Replays
Latest Replays
All Replays
Popular Replays
Top Player Replays
Match Explorer
How It Works
Community
CoH3 Stats
Reddit
Sign in to upload your games and track your stats! →
Sign in with Steam
Match 44363119
Unlisted
Match 44363119
Overview
Messages
Build Orders
End
Kradschützen Motorcycle Team
Panzergrenadier Squad
Selects Panzerjäger Kommand Battlegroup
Selects Mine Fields
Panzergrenadier Squad
Construct Light Support Kompanie
MG34 Team
2.5-tonne Medical Truck
Assault Mechanized Group
Fire Support Elements
Selects Tank Busters
Flakvierling Half-track
Vehicle Survival Package
Panzergrenadier Squad
Pak 38 Anti-tank Gun Team
Panzerjäger Mechanized Group
Veteran Squad Leaders
Construct Panzerarmee Kommand
Selects Crew Shock Tactics
Selects Anti-tank Overwatch
Selects Defensive Positions
Panzer III L Medium Tank
Walking Stuka Rocket Launcher
Anti-tank Overwatch
Walking Stuka Rocket Launcher
Armored Reserves
Selects Butterfly Bomb Drop
Anti-tank Overwatch
Gwangju's Hero Chun Doo-gwang
I AM NOOB
braindamage
Zoj
0
0
Comments
sign in to comment!
No comments posted yet!